 Dungeon Crawl Stone Soup version 0.17-a0-1748-g222fba8 (webtiles) character file.

7784 KambridgeKobold the Covert (level 11, 0/50 HPs)
             Began as a Spriggan Assassin on Sept 1, 2015.
             Was a Believer of Nemelex Xobeh.
             Killed by vampiric draining
             ... invoked by Josephine
              (15 damage)
             ... on level 10 of the Dungeon.
             The game lasted 01:17:56 (16809 turns).

KambridgeKobold the Covert (Spriggan Assassin)     Turns: 16809, Time: 01:17:56

Health: 0/50       AC:  5    Str:  8    XL:     11   Next: 1%
Magic:  19/19      EV: 28    Int: 14    God:    Nemelex Xobeh [**....]
Gold:   507        SH:  0    Dex: 19    Spells: 4 memorised, 3 levels left

rFire  . . .     SeeInvis +     a - +2 dagger (speed)
rCold  . . .     Clarity  .     c - +0 robe
rNeg   . . .     SustAt   .     (shield restricted)
rPois  .         Gourm    .     (helmet restricted)
rElec  .         Spirit   .     y - +2 cloak
rCorr  .         Warding  .     (gloves unavailable)
rMut   .         Stasis   .     (boots unavailable)
MR     ++...                    (no amulet)
Stlth  ++++++....               L - ring of flight
                                x - ring of protection from magic

@: slowed, quick, very resistant to hostile enchantments, very stealthy
A: unfitting armour, see invisible, herbivore 3, speed 3, slow metabolism 2
a: Renounce Religion, Evoke Flight


You were on level 10 of the Dungeon.
You worshipped Nemelex Xobeh.
Nemelex Xobeh was pleased with you.
You were very hungry.

You visited 1 branch of the dungeon, and saw 10 of its levels.

You collected 642 gold pieces.
You spent 135 gold pieces at shops.

Inventory:

Hand weapons
 a - a +2 dagger of speed (weapon)
 b - a +0 blowgun
 R - a +5 short sword of draining
 U - a +0 dagger of protection
Missiles
 e - 44 poisoned needles
 f - 2 curare-tipped needles
 s - 11 needles of sleeping
 S - 8 tomahawks (quivered)
Armour
 c - a +0 robe (worn)
 y - a +2 cloak (worn)
Jewellery
 x - a ring of protection from magic (left hand)
 L - a ring of flight (right hand)
Magical devices
 d - a wand of fireball (5)
 z - a wand of confusion (33)
 A - a wand of digging (14)
 O - a wand of teleportation (4)
 Q - a wand of lightning (1)
 X - a wand of magic darts (24)
Scrolls
 h - a scroll of fog
 k - a scroll of immolation {unknown}
 m - 2 scrolls of fear
 n - 3 scrolls of magic mapping
 o - 2 scrolls of identify
 p - a scroll of teleportation
 t - 8 scrolls of remove curse
 B - a scroll of recharging {unknown}
 C - a scroll of enchant armour {unknown}
 F - a scroll of blinking {unknown}
 G - a scroll of noise {unknown}
 T - a scroll of amnesia {unknown}
Potions
 i - a potion of berserk rage
 j - 2 potions of haste
 r - a potion of heal wounds
 u - 2 potions of lignification
 v - 2 potions of magic
 D - a potion of invisibility
 H - 2 potions of agility
 K - a potion of resistance
 M - a potion of ambrosia
 N - 4 potions of curing
 Y - a potion of cancellation
Books
 q - a book of Annihilations

   Spells                             Type                      Level
   a - Poison Arrow                   Conjuration/Poison           6
   b - Chain Lightning                Conjuration/Air              8
   c - Lehudib's Crystal Spear        Conjuration/Earth            8
   d - Glaciate                       Conjuration/Ice              9
   e - Fire Storm                     Conjuration/Fire             9
 E - a book of Debilitation

   Spells                             Type                      Level
   a - Corona                         Hexes                        1
   b - Slow                           Hexes                        2
   c - Gell's Gravitas                Hexes/Translocation          3
   d - Inner Flame                    Hexes/Fire                   3
   e - Cause Fear                     Hexes                        4
   f - Leda's Liquefaction            Hexes/Earth                  4
 I - a book of Hinderance

   Spells                             Type                      Level
   a - Confusing Touch                Hexes                        2
   b - Confuse                        Hexes                        3
   c - Gell's Gravitas                Hexes/Translocation          3
   d - Petrify                        Transmutation/Earth          4
   e - Metabolic Englaciation         Hexes/Ice                    5
 W - a book of Spatial Translocations

   Spells                             Type                      Level
   a - Apportation                    Translocation                1
   b - Blink                          Translocation                2
   c - Shroud of Golubria             Charms/Translocation         2
   d - Portal Projectile              Translocation                3
   e - Teleport Other                 Translocation                3
   f - Passage of Golubria            Translocation                4
Miscellaneous
 l - a lamp of fire
 w - a plain deck of escape {drawn: 1}
 V - a plain deck of war {drawn: 1}
 Z - a plain deck of war
Comestibles
 g - 8 bread rations
 P - 7 slices of pizza


   Skills:
 - Level 2.0 Fighting
 + Level 8.2 Short Blades
 + Level 6.0 Throwing
 - Level 11.2 Dodging
 + Level 11.7 Stealth
 - Level 2.0 Spellcasting
 - Level 6.3 Hexes
 - Level 3.1 Translocations
 - Level 10.1 Evocations


You had 3 spell levels left.
You knew the following spells:

 Your Spells              Type           Power        Failure   Level  Hunger
a - Confuse               Hex            ###.....     8%          3    ####...
b - Gell's Gravitas       Hex/Tloc       ##........   12%         3    ####...
c - Slow                  Hex            ###.....     2%          2    ###....
d - Teleport Other        Tloc           ##......     21%         3    ####...


Dungeon Overview and Level Annotations

Branches:
Dungeon (10/15)            Temple (0/1) D:5            Lair (0/8) D:8
    Orc (0/4) D:9

Altars:
Ashenzari
Fedhas
Makhleb
Nemelex Xobeh
Ru
Trog
Vehumet
Xom
Yredelemnul
Zin

Shops:
D:8 *   D:9 [

Annotations:
D:10 Josephine


Innate Abilities, Weirdness & Mutations

You are tiny and cannot use many weapons and most armour.
You have supernaturally acute eyesight.
You are a herbivore.
You cover ground extremely quickly.
You need consume almost no food.


Message History

The wraith closely misses you. The wraith hits you.
* * * LOW HITPOINT WARNING * * *
The wraith drains your vigour!
You feel yourself slow down.
You hit the wraith but do no damage.
The wraith is almost destroyed.
You hit the wraith but do no damage.
The wraith is almost destroyed.
The wraith hits you. The wraith misses you.
Evoke which item? (* to show all) (? for menu, Esc to quit)
You don't have any such object.
Evoke which item? (* to show all) (? for menu, Esc to quit)
You draw a card...
It is the Elixir.
Your fortitude fades away.
Josephine says, "How about some decapitation?"
Josephine hits you with a dagger.
* * * LOW HITPOINT WARNING * * *
The wraith misses you.
Josephine is infused with unholy energy.
You die...
Your body disappears without a glow.

.....# #..#
#.............
###..#####..#
#............. #
#.........#
#........# #
#.........#
#........# #
#...###...#
#........# # #...#
#.!.# #...(....# #
#...# #...#
#(.......# # #...#
#...#####@W......#
#. # #<..#
#..[....@WW......#
#. # #...#
#..........####.(#
#. # #...#
#..........# #..#
#. # #...#
#...#####..# #..#
#. # #...# #...#
#..# #..# #.
###...# #...# #..#
#..# #. ......#
#.[.# #..# #..# #.
......# #.).# #..#
#..# #. ...)..#
#...# #..#
#..#######.


You could see Josephine and 3 wraiths.

Vanquished Creatures
  Snorg (D:10)
  An unseen horror (D:9)
  A hill giant (D:10)
  Psyche (D:10)
  A two-headed ogre (D:8)
  Sigmund (D:4)
  A yak (D:7)
  A deep elf fighter (D:7)
  A hippogriff (D:9)
  A human (D:7)
  A hog (D:7)
  A steam dragon (D:9)
  A water moccasin (D:9)
  2 wasps (D:8)
  2 orc warriors (D:9)
  A necrophage (D:8)
  3 ice beasts
  2 black bears
  2 phantoms (D:7)
  5 ogres
  2 centaurs
  A big kobold (D:9)
  A crocodile (D:10)
  3 giant frogs
  3 scorpions
  7 crimson imps
  3 giant frog skeletons
  4 hounds
  8 orc wizards
  A gnoll shaman (D:6)
  8 orc priests
  A centaur zombie (D:7)
  3 jellies
  9 worker ants
  4 iguanas
  2 sheep (D:7)
  A killer bee zombie (D:8)
  A hound skeleton (D:5)
  13 adders
  7 gnolls
  4 river rats (D:3)
  3 shadow imps
  2 adder skeletons
  4 worms
  49 orcs
  8 giant cockroaches
  4 goblins
  5 hobgoblins
  16 jackals
  11 kobolds
  5 quokkas
  7 bats
  7 giant geckos
  A giant gecko zombie (D:5)
  6 giant newts
  2 gnoll zombies (D:2)
  2 quokka skeletons (D:5)
  2 quokka zombies
  12 rats
262 creatures vanquished.

Vanquished Creatures (collateral kills)
  The ghost of KambridgeKobold the Sneak, an experienced SpWr (D:6)
  Duvessa (D:7)
  An ice beast (D:10)
  A water moccasin (D:10)
  A necrophage (D:7)
  Dowan (D:7)
  2 orc priests (D:9)
  An orc wizard (D:9)
  A gnoll (D:6)
  A worker ant zombie (D:7)
  An adder (D:9)
  2 orcs
  2 jackals (D:10)
  2 kobolds (D:9)
18 creatures vanquished.

Vanquished Creatures (others)
  A plant (D:3)
1 creature vanquished.

Grand Total: 281 creatures vanquished

Notes
Turn   | Place    | Note
--------------------------------------------------------------
     0 | D:1      | KambridgeKobold the Spriggan Assassin began the quest for the Orb.
     0 | D:1      | Reached XP level 1. HP: 10/10 MP: 2/2
   311 | D:1      | Reached skill level 6 in Stealth
   324 | D:1      | Reached XP level 2. HP: 2/15 MP: 3/3
  1255 | D:2      | Found a basalt altar of Yredelemnul.
  1394 | D:2      | Reached XP level 3. HP: 18/18 MP: 4/4
  2139 | D:2      | Reached XP level 4. HP: 23/23 MP: 5/5
  2507 | D:3      | Reached skill level 7 in Stealth
  2854 | D:3      | Reached XP level 5. HP: 10/26 MP: 6/6
  3690 | D:3      | Found a shattered altar of Ashenzari.
  3980 | D:3      | Noticed a moth of wrath
  3983 | D:3      | Found a bloodstained altar of Trog.
  4619 | D:3      | Reached XP level 6. HP: 13/30 MP: 7/7
  5027 | D:4      | Found a glowing silver altar of Zin.
  5031 | D:4      | Noticed Sigmund
  5051 | D:4      | Killed Sigmund
  5051 | D:4      | Reached skill level 5 in Dodging
  5051 | D:4      | Reached skill level 8 in Stealth
  5476 | D:4      | Found a sparkling altar of Nemelex Xobeh.
  5477 | D:4      | Found a bloodstained altar of Trog.
  5502 | D:4      | Reached skill level 5 in Short Blades
  5646 | D:4      | Reached skill level 9 in Stealth
  5667 | D:4      | Reached XP level 7. HP: 22/35 MP: 8/8
  5885 | D:5      | Entered Level 5 of the Dungeon
  6207 | D:4      | Became a worshipper of Nemelex Xobeh the Trickster
  6309 | D:5      | Reached skill level 1 in Evocations
  6362 | D:5      | Found a staircase to the Ecumenical Temple.
  6470 | D:5      | Received a gift from Nemelex Xobeh
  6476 | D:5      | Learned a level 3 spell: Confuse
  6480 | D:5      | Learned a level 3 spell: Gell's Gravitas
  7095 | D:6      | Reached skill level 10 in Stealth
  7371 | D:6      | Noticed KambridgeKobold's ghost (experienced SpWr)
  7382 | D:6      | Reached XP level 8. HP: 39/39 MP: 11/11
  7764 | D:5      | Got a crystal trident
  7765 | D:5      | Identified the +10 trident of Might {drain, +Rage Str+4} (You found it on level 5 of the Dungeon)
  7780 | D:5      | Reached skill level 1 in Translocations
  8529 | D:6      | Noticed a green ugly thing
  8535 | D:6      | Killed KambridgeKobold's ghost
  8539 | D:6      | Killed a green ugly thing
  8875 | D:7      | Reached skill level 5 in Evocations
  8921 | D:7      | Reached skill level 1 in Hexes
  9331 | D:7      | Noticed Dowan
  9338 | D:7      | Noticed Duvessa
  9360 | D:7      | Killed Duvessa
  9372 | D:7      | Killed Dowan
  9872 | D:7      | Received a gift from Nemelex Xobeh
 10087 | D:7      | Reached XP level 9. HP: 42/42 MP: 14/14
 10280 | D:7      | Reached skill level 10 in Dodging
 10725 | D:7      | Found a burning altar of Makhleb.
 10726 | D:7      | Found a shimmering altar of Xom.
 10790 | D:8      | Reached skill level 5 in Hexes
 11028 | D:8      | Paralysed by a wasp for 2 turns
 11156 | D:8      | Found a blossoming altar of Fedhas.
 11157 | D:8      | Found a sacrificial altar of Ru.
 11187 | D:8      | Found a radiant altar of Vehumet.
 11202 | D:8      | Found a staircase to the Lair.
 11247 | D:8      | Found Tolierap's Assorted Antiques.
 11263 | D:8      | Bought a curved brass wand for 108 gold pieces
 11263 | D:8      | Bought a scroll labeled HIELIN NYC YGE for 27 gold pieces
 11793 | D:8      | Reached skill level 11 in Dodging
 12405 | D:8      | Learned a level 2 spell: Slow
 12580 | D:9      | Reached skill level 1 in Spellcasting
 12820 | D:9      | Received a gift from Nemelex Xobeh
 13020 | D:9      | Noticed an eight-headed hydra
 13516 | D:9      | Learned a level 3 spell: Teleport Other
 13521 | D:9      | Found Toalid's Antique Armour Shoppe.
 13566 | D:9      | Reached XP level 10. HP: 26/46 MP: 17/17
 13945 | D:9      | Received a gift from Nemelex Xobeh
 14453 | D:9      | Found a staircase to the Orcish Mines.
 15147 | D:9      | Noticed an unseen horror
 15261 | D:9      | Killed an unseen horror
 15261 | D:9      | Reached skill level 10 in Evocations
 15917 | D:10     | Entered Level 10 of the Dungeon
 16037 | D:10     | Received a gift from Nemelex Xobeh
 16196 | D:10     | Noticed Snorg
 16215 | D:10     | Killed Snorg
 16215 | D:10     | Reached skill level 5 in Throwing
 16335 | D:10     | Noticed Psyche
 16338 | D:10     | Killed Psyche
 16455 | D:10     | Noticed a hill giant
 16500 | D:10     | Noticed a white ugly thing
 16507 | D:10     | Killed a hill giant
 16511 | D:10     | Reached XP level 11. HP: 22/50 MP: 19/19
 16522 | D:10     | Killed a red ugly thing
 16756 | D:10     | Noticed Josephine
 16809 | D:10     | Killed from afar by Josephine

Vault maps used:
D:1:      minmay_arrival_hallway
D:2:      lemuel_zombie_altar_yredelemnul
D:3:      wad_woods_tower, overflow_temple_1_default, tgw_trog
D:4:      nicolae_overflow_crystal_walls, nicolae_overflow_hidden_temple,
          uniq_sigmund
D:5:      temple_pool_b, first_bread
D:7:      grunt_temple_overflow_champion_of_chaos, grunt_livestock,
          guppyfry_early_elven_hall, uniq_duvessa
D:8:      minmay_opposing_rooms, grunt_temple_overflow_open,
          vehumet_altar_wand_db, lair_0_dummy, serial_shops, shop
D:9:      hiddenorc2_lemuel, serial_shops,
          nicolae_shop_competitors_out_of_business
D:10:     uniq_psyche, uniq_snorg, uniq_josephine

Action                   |  1- 3 |  4- 6 |  7- 9 | 10-12 || total
-------------------------+-------+-------+-------+-------++-------
Melee: Dagger            |   102 |   238 |   657 |   458 ||  1455
       Trident           |       |       |     1 |       ||     1
 Fire: Blowgun           |    13 |    45 |    89 |    62 ||   209
Throw: Tomahawk          |       |       |     5 |       ||     5
 Cast: Confuse           |       |       |     5 |     5 ||    10
       Slow              |       |       |     1 |    11 ||    12
       Gell's Gravitas   |       |       |     1 |       ||     1
Evoke: Deck              |       |       |    10 |    11 ||    21
       Wand              |       |       |     2 |     4 ||     6
  Use: Scroll            |       |       |    18 |     1 ||    19
       Potion            |       |       |       |     1 ||     1
 Stab: Sleeping          |    15 |    13 |    32 |    10 ||    70
       Distracted        |       |     1 |     5 |     4 ||    10
       Confused          |       |       |     2 |       ||     2
  Eat: Pizza             |       |     1 |     1 |     1 ||     3
       Fruit             |       |       |     5 |       ||     5
       Bread ration      |       |       |     1 |       ||     1
